 Dungeon Crawl Stone Soup version 0.31-a0-536-ga3e2962e35 (webtiles) character file.

Game seed: 8041228939367426319

102 Ethylacetat the Ducker (level 4, -1/30 HPs)
             Began as an Octopode Gladiator on Aug 13, 2023.
             Slain by a kobold
             ... wielding a +1 short sword of speed
              (7 damage)
             ... on level 3 of the Dungeon.
             The game lasted 00:02:20 (1986 turns).

Ethylacetat the Ducker (Octopode Gladiator)         Turns: 1986, Time: 00:02:21

Health: -1/30      AC:  1    Str: 13    XL:     4   Next: 78%
Magic:  4/4        EV: 14    Int: 10    God:
Gold:   101        SH:  0    Dex: 15    Spells: 3/3 levels left

rFire   . . .        a - +0 long sword
rCold   . . .        q - orb {mayhem}
rNeg    . . .        b - +0 hat
rPois   .            (no amulet)
rElec   .            (no ring)
rCorr   .            (no ring)
SInv    .            (no ring)
Will    .....        (no ring)
Stlth   ++++         (no ring)
HPRegen 0.25/turn    (no ring)
MPRegen 0.09/turn    (no ring)
                     (no ring)

%: mayhem
@: no status effects
A: almost no armour, amphibious, 8 rings, camouflage 1, gelatinous body 1,
nimble swimmer 1, tentacles
a: no special abilities


You were on level 3 of the Dungeon.
You visited 1 branch of the dungeon, and saw 3 of its levels.

You collected 101 gold pieces.

Inventory:

Hand Weapons
 a - a +0 long sword (weapon)
Missiles
 c - 3 throwing nets (quivered)
 d - a javelin
Armour
 b - a +0 hat (worn)
 q - an orb of mayhem (worn)
Jewellery
 e - a +6 ring of strength
 g - an amulet of faith
Scrolls
 f - a scroll of revelation {unknown}
 h - a scroll of amnesia {unknown}
 i - a scroll of fear {unknown}
 m - a scroll of poison {unknown}
 n - a scroll of immolation {unknown}
 o - 2 scrolls of vulnerability {unknown}
 p - a scroll of fog {unknown}
Potions
 j - a potion of degeneration {unknown}
 k - 2 potions of ambrosia {unknown}
 l - 2 potions of might {unknown}
 r - a potion of lignification {unknown}
 s - a potion of attraction {unknown}


   Skills:
 + Level 2.9 Fighting
 + Level 3.7 Long Blades
 - Level 2.0 Throwing
 + Level 3.7 Dodging
 + Level 2.8 Stealth


You had 3 spell levels left.
You didn't know any spells.
Your spell library contained the following spells:

 Spells                   Type           Power      Damage    Failure   Level
 Summon Small Mammal      Summ           0%         N/A       36%         1
 Ensorcelled Hibernation  Hex/Ice        0%         N/A       50%         2
 Passwall                 Tmut/Erth      0%         N/A       50%         2
 Call Canine Familiar     Summ           0%         N/A       75%         3
 Gell's Gravitas          Tloc           0%         N/A       75%         3
 Portal Projectile        Hex/Tloc       0%         N/A       75%         3
 Summon Guardian Golem    Hex/Summ       0%         N/A       75%         3
 Swiftness                Air            0%         N/A       75%         3
 Teleport Other           Tloc           0%         N/A       75%         3
 Leda's Liquefaction      Hex/Erth       0%         N/A       98%         4
 Dispersal                Tloc           0%         N/A       100%        6
 Chain Lightning          Conj/Air       0%         N/A       100%        9
 Fire Storm               Conj/Fire      0%         5d1       100%        9
 Shatter                  Erth           0%         3d5*      100%        9


Dungeon Overview and Level Annotations

Branches:
Dungeon (3/15)

Altars:


Innate Abilities, Weirdness & Mutations

You cannot wear most types of armour.
You are amphibious.
You can wear up to eight rings at the same time.
Your skin changes colour to match your surroundings (Stealth+).
Your rubbery body absorbs attacks. (AC +1, EV +1)
You are camouflaged when in or above water. (Stealth+)
You have tentacles for arms and can constrict up to eight enemies at once.


Message History

No target in view!
Found a scroll labelled DIC ZIRI LOCSOUMO.
You enter the shallow water.
A kobold comes into view.
It is wielding a +1 short sword of speed.
A gnoll comes into view. It is wielding a +3 spear.
The gnoll shouts!
You hear an angry hiss.
A gnoll comes into view. It is wielding a +0 whip.
There is a faded altar of an unknown god here.
This altar belongs to (a) Hepliaklqana, (b) the Shining One or (c) Uskayaw, but you can't tell which.
Press the corresponding letter to learn more about a god, or press enter to convert or escape to cancel.
Okay, then.
You enter the deep water.
The gnoll barely misses you.
You enter the shallow water.
The gnoll hits you with a +3 spear!
The kobold shouts!
The gnoll shouts!
You hit the gnoll. You grab the gnoll.
The gnoll is lightly wounded.
You constrict the gnoll, but do no damage.
You hear a shout!
The gnoll barely misses you.
You hear a shout!
You hit the gnoll but do no damage. You squeeze the gnoll!
The gnoll is severely wounded.
You constrict the gnoll. The gnoll hits you with a +3 spear.
The kobold hits you with a +1 short sword of speed.
You are too injured to fight recklessly!
You are too injured to fight recklessly!
You are too injured to fight recklessly!
You slash the gnoll!
You kill the gnoll!
The kobold flies into a frenzy!
You hear a splash.
The kobold barely misses the gnoll.
The gnoll hits you with a +0 whip.
The kobold hits you with a +1 short sword of speed.
* * * LOW HITPOINT WARNING * * *
The kobold barely misses you. The gnoll barely misses you.
You hit the gnoll but do no damage. You grab the gnoll.
You constrict the gnoll. The kobold misses you. The kobold closely misses you.
The gnoll misses you.
The kobold hits you with a +1 short sword of speed!
You die...

##.#.~.~.#............#
#.#?.~.~..#..########.#
#.#~~~~.~~~~#........#.#
#..~)~≈~.~..#.###.###.#
#...~≈_≈~...#.....# #.#
#...~≈.≈~...#.##..# #.#
#...~.≈.~...#.##..###.###
#..~.~.~.~..#.##..[......
..#~.~...@g~#.###.####.###
....~....K)..## #......#
....#.....#..# ########
.....#####...#############
.... ...##........... ..
...##...........
............>...
...##...........
#...........


You could see a gnoll and a neutral kobold (fast, strong, insane).

Vanquished Creatures
  A gnoll (D:3)
  3 adders (D:2)
  A worm (D:2)
  5 dart slugs
  An orc (D:3)
  4 ball pythons
  2 endoplasms
  2 giant cockroaches (D:1)
  6 goblins
  4 hobgoblins
  3 quokkas (D:2)
  5 bats
  7 frilled lizards
  5 kobolds
  5 rats (D:1)
54 creatures vanquished.

Notes
Turn   | Place    | Note
-------+----------+-------------------------------------------
     0 | D:1      | Ethylacetat the Octopode Gladiator began the quest for the
                  | Orb.
     0 | D:1      | Reached XP level 1. HP: 14/14 MP: 1/1
   163 | D:1      | Reached skill level 1 in Stealth
   163 | D:1      | Reached XP level 2. HP: 19/19 MP: 2/2
   383 | D:1      | Reached XP level 3. HP: 12/25 MP: 3/3
  1061 | D:2      | Reached XP level 4. HP: 26/30 MP: 4/4
  1885 | D:3      | Found the +8 trident of the Octopus King {venom, rElec
                  | rPois}
  1970 | D:3      | Found a faded altar of an unknown god.
  1986 | D:3      | Slain by a kobold

Illustrated notes

Levels and vault maps discovered:
D:1:      giann_wishing_wells, layout_loops_ring
D:2:      minmay_recursive_quarters, layout_loops_corners,
          minmay_strange_pillars
D:3:      layout_basic, shapermc_ecumenical_altar_starsandcircs,
          uniq_crazy_yiuf_cottage

Skill      XL: |  1  2  3 |
---------------+----------+-----
Stealth        | 1 2 |  2.8
Fighting       | |  2.9
Long Blades    | |  3.7
Throwing       | |  2.0
Dodging        | |  3.7

Action                     |  1- 3 |  4- 6 || total
---------------------------+-------+-------++-------
  Melee: Long sword        |    56 |    29 ||    85
         Tentacles         |    15 |     4 ||    19
         Constrict         |    14 |     9 ||    23
         Punch             |     1 |       ||     1
   Stab: Sleeping          |     9 |     4 ||    13
 Armour: Skin              |     1 |     2 ||     3
  Dodge: Dodged            |    37 |    18 ||    55

Table legend: (Time is in decaauts)
 A = Elapsed time spent in this place.
 B = Non-inter-level travel time spent in this place.
 C = Inter-level travel time spent in this place.
 D = Time resting spent in this place.
 E = Time spent auto-exploring this place.
 F = Levels seen in this place.
 G = Mean time per level.
                   A        B        C        D        E       F      G
               +--------+--------+--------+--------+--------+-----+--------+
         Total |   2005 |   1983 |     22 |      0 |   1667 |   3 |  668.3 |
       Dungeon |   2005 |   1983 |     22 |      0 |   1667 |   3 |  668.3 |
               +--------+--------+--------+--------+--------+-----+--------+

Top non-repeatable levels by time:
     D:2: 983 daAuts
     D:1: 698 daAuts
     D:3: 323 daAuts
